 Dungeon Crawl Stone Soup version 0.13-a0-1672-g2e244fd (webtiles) character file.

1604 Kae the Chiller (level 8, -5/52 HPs)
             Began as a Demonspawn Ice Elementalist on June 19, 2013.
             Was a Follower of Sif Muna.
             Slain by a wight
             ... wielding a +0,+0 halberd
              (8 damage)
             ... on Level 6 of the Dungeon.
             The game lasted 00:13:15 (5766 turns).

Kae the Chiller (Demonspawn Ice Elementalist)       Turns: 5766, Time: 00:13:17

HP  -5/52        AC 10     Str  9      XL: 8   Next: 39%
MP   2/18        EV 12     Int 19      God: Sif Muna [*.....]
Gold 231         SH  0     Dex 13      Spells:  3 memorised,  8 levels left

Res.Fire  : . . .   See Invis. : .   A - +3,+1 dire flail (protect)
Res.Cold  : . . .   Warding    : .   a - +0 robe
Life Prot.: . . .   Conserve   : .   (no shield)
Res.Poison: .       Res.Corr.  : +   (helmet restricted)
Res.Elec. : .       Clarity    : .   (no cloak)
Sust.Abil.: . .     Spirit.Shd : .   (no gloves)
Res.Mut.  : .       Stasis     : .   (no boots)
Res.Rott. : .       Flight     : .   D - cursed amulet of resist corrosion
Saprovore : . . .                    (no ring)
                                     i - ring of protection from magic

@: mildly poisoned, very slightly contaminated, quite resistant to hostile
enchantments, fairly stealthy
A: horns 1, demonic guardian 1, AC +3
a: Channel Energy, Renounce Religion


You were on level 6 of the Dungeon.
You worshipped Sif Muna.
Sif Muna was most pleased with you.
You were near starving.

You visited 1 branch of the dungeon, and saw 6 of its levels.

You collected 211 gold pieces.

Inventory:

Hand weapons
 s - a +2,+2 orcish whip
 A - a +3,+1 dire flail of protection (weapon)
Armour
 a - a +0 robe (worn)
 u - a +1 cloak
Magical devices
 e - a wand of frost (0)
 v - a wand of random effects (24) {unknown}
 w - a wand of confusion (16) {unknown}
 y - a wand of fire (3) {unknown}
 z - a wand of slowing (5)
 B - a wand of frost (15)
Comestibles
 c - a bread ration
 f - a meat ration
 x - 2 chunks of orc flesh
Scrolls
 g - a scroll of fear
 m - 6 scrolls of identify
 p - a scroll of enchant weapon I
 r - a scroll of amnesia
 t - 5 scrolls of remove curse
 E - a scroll of enchant armour {unknown}
Jewellery
 i - a ring of protection from magic (left hand)
 D - a cursed amulet of resist corrosion (around neck)
 G - an uncursed ring of teleportation
Potions
 d - a potion of flight
 h - a potion of restore abilities {unknown}
 j - a potion of poison {unknown}
 k - a potion of heal wounds {unknown}
 l - a potion of invisibility {unknown}
 n - a potion of curing
 o - a potion of slowing {unknown}
 q - a potion of mutation
 C - a potion of might {unknown}
Books
 b - a book of Frost

   Spells                             Type                      Level
   *Freeze                            Ice                          1
   *Throw Frost                       Conjuration/Ice              2
   Ozocubu's Armour                   Charms/Ice                   3
   *Throw Icicle                      Conjuration/Ice              4
   Summon Ice Beast                   Ice/Summoning                4
   Condensation Shield                Ice                          4


   Skills:
 - Level 2.0 Dodging
 - Level 1.9 Stealth
 + Level 4.2 Spellcasting
 * Level 6.1 Conjurations
 * Level 6.1 Ice Magic


You had 8 spell levels left.
You knew the following spells:

 Your Spells              Type           Power        Failure   Level  Hunger
a - Freeze                Ice            ####         1%          1    None
b - Throw Frost           Conj/Ice       ####..       1%          2    #......
c - Throw Icicle          Conj/Ice       ####....     12%         4    ####...


Dungeon Overview and Level Annotations

Branches:
Dungeon (6/27)             Temple (0/1) D:5
    Orc: D:6-11

Altars:
Ashenzari
Makhleb
Nemelex Xobeh
Okawaru
Sif Muna
Trog
Vehumet

Annotations
D:5 exclusion: upstairs


Innate Abilities, Weirdness & Mutations

You have a pair of small horns on your head.
You are mostly covered in slimy green scales (AC +3).
A weak demonic guardian rushes to your aid.


Message History

Press: ? - help, Shift-Dir - straight line, f/p - wight
Aim: a wight, wielding a halberd and wearing a robe (moderately damaged)
The shard of ice hits the wight.
The wight partially resists.
The wight is severely damaged.
Your lemure completely misses the wight.
Your lemure barely misses the wight.
The wight barely misses you.
Casting: Throw Icicle
Confirm with . or Enter, or press ? or * to list all spells.
Aiming: Throw Icicle
Press: ? - help, Shift-Dir - straight line, f/p - wight
Aim: a wight, wielding a halberd and wearing a robe (severely damaged)
You miscast Throw Icicle.
You are very lightly contaminated with residual magic.
Wisps of smoke drift from your hands.
You are near starving!
Your lemure barely misses the wight.
Your lemure closely misses the wight.
Your lemure barely misses the wight.
The wight hits you from afar with a halberd!
You die...

#..#._.#.#.# #........#.#
################.%..#...#.####
#.............................
#.>..............##..####z....
#................#......#5....
#...........####.#......'.....
#...........#..z.#......#.....
#.....>.....#@5#.########.(...
#......)....#..#..z....z..(...
#...........####......########
#......<..............#......#
#..############.......#......'
#..# #..#####...##### #..#
#..# #.§§ # #..# #..# #§§§ #
#..# #..# #§§§ #


You could see a wight and a friendly lemure.

Vanquished Creatures
  Edmund (D:4)
  A phantom (D:4)
  An ice beast (D:6)
  An ogre (D:6)
  A centaur (D:4)
  A centaur skeleton (D:5)
  A water moccasin (D:6)
  Blork the orc (D:5)
  2 crimson imps
  4 hounds
  Crazy Yiuf (D:5)
  3 scorpions
  2 orc priests (D:5)
  4 worker ants
  5 orc wizards
  Jessica (D:2)
  An adder skeleton (D:6)
  2 worms
  A bat skeleton (D:4)
  6 giant geckos
  3 oozes
  17 orcs
  7 bats
  7 giant cockroaches
  12 hobgoblins
  16 jackals
  18 kobolds
  A quokka (D:5)
  4 training dummies (D:2)
  A giant cockroach zombie (D:5)
  A giant gecko skeleton (D:5)
  3 giant newts
  A giant spore (D:6)
  7 goblins
  A goblin zombie (D:5)
  6 rats
  A ballistomycete (D:6)
146 creatures vanquished.

Vanquished Creatures (collateral kills)
  A wight (D:5)
  An ogre skeleton (D:5)
2 creatures vanquished.

Vanquished Creatures (others)
  A wizard (D:5)
  A crimson imp (D:4)
  3 iron imps
  7 lemures
  3 white imps
  An ufetubus (D:4)
  An orc (D:5)
  A kobold (D:6)
  A bat (D:6)
  A giant gecko zombie (D:6)
  A giant newt (D:5)
  A giant spore (D:6)
  A quokka skeleton (D:6)
  A rat (D:6)
24 creatures vanquished.

Grand Total: 172 creatures vanquished

Notes
Turn   | Place    | Note
--------------------------------------------------------------
     0 | D:1      | Kae, the Demonspawn Ice Elementalist, began the quest for the Orb.
     0 | D:1      | Reached XP level 1. HP: 13/13 MP: 3/3
   150 | D:1      | Gained mutation: You have a pair of small horns on your head. [demonic ancestry]
   150 | D:1      | Reached XP level 2. HP: 16/19 MP: 0/4
   154 | D:1      | Learned a level 2 spell: Throw Frost
   292 | D:1      | Reached skill level 3 in Ice Magic
   810 | D:2      | Gained mutation: You are partially covered in slimy green scales (AC +2). [demonic ancestry]
   810 | D:2      | Reached XP level 3. HP: 22/24 MP: 6/6
  1100 | D:2      | Noticed Jessica
  1138 | D:2      | Killed Jessica
  1256 | D:2      | Found an iron altar of Okawaru.
  1271 | D:2      | Gained mutation: A weak demonic guardian rushes to your aid. [demonic ancestry]
  1271 | D:2      | Reached XP level 4. HP: 20/30 MP: 7/7
  2374 | D:4      | Gained mutation: You are mostly covered in slimy green scales (AC +3). [demonic ancestry]
  2374 | D:4      | Reached XP level 5. HP: 28/35 MP: 2/9
  2628 | D:4      | Found a sparkling altar of Nemelex Xobeh.
  2667 | D:4      | Reached skill level 4 in Ice Magic
  2805 | D:4      | Noticed a phantom
  2818 | D:4      | Noticed a centaur
  2823 | D:4      | Killed a centaur
  2823 | D:4      | Reached XP level 6. HP: 28/41 MP: 8/12
  2900 | D:4      | Killed a phantom
  3296 | D:4      | Noticed Edmund
  3312 | D:4      | Killed Edmund
  3312 | D:4      | Reached skill level 5 in Ice Magic
  3535 | D:4      | Reached XP level 7. HP: 46/46 MP: 12/14
  3597 | D:4      | Found a deep blue altar of Sif Muna.
  3600 | D:4      | Became a worshipper of Sif Muna the Loreminder
  3672 | D:5      | Entered Level 5 of the Dungeon
  3672 | D:5      | Noticed Blork the orc
  4068 | D:5      | Killed Blork the orc
  4126 | D:5      | Reached skill level 5 in Conjurations
  4180 | D:5      | Found a staircase to the Ecumenical Temple.
  4186 | D:5      | Found a burning altar of Makhleb.
  4200 | D:5      | Found a shattered altar of Ashenzari.
  4415 | D:5      | Acquired Sif Muna's first power
  4512 | D:5      | Noticed Crazy Yiuf
  4516 | D:5      | Killed Crazy Yiuf
  4627 | D:5      | Found a bloodstained altar of Trog.
  4627 | D:5      | Noticed a wizard
  4633 | D:5      | Killed a wizard
  4817 | D:6      | Reached XP level 8. HP: 23/52 MP: 7/17
  5182 | D:6      | Learned a level 4 spell: Throw Icicle
  5293 | D:6      | Reached skill level 6 in Conjurations
  5315 | D:6      | Found a radiant altar of Vehumet.
  5766 | D:6      | Slain by a wight

Action                   |  1- 3 |  4- 6 |  7- 9 || total
-------------------------+-------+-------+-------++-------
Melee: Unarmed           |    48 |       |       ||    48
       Whip              |    48 |    58 |       ||   106
       Dire flail        |       |     8 |    88 ||    96
 Cast: Freeze            |    41 |    94 |    80 ||   215
       Throw Frost       |       |       |     4 ||     4
       Throw Icicle      |       |       |     7 ||     7
  Use: Potion            |       |     1 |       ||     1
       Scroll            |       |       |    15 ||    15
 Stab: Sleeping          |     3 |     1 |     1 ||     5
